 Dungeon Crawl Stone Soup version 0.23-a0-78-gc252fe1 (webtiles) character file.

100 CanOfBees the Ruffian (level 4, -11/39 (40) HPs)
             Began as a Ghoul Monk on Aug 10, 2018.
             Mangled by an ogre
             ... wielding a +0 giant club
              (17 damage)
             ... on level 4 of the Dungeon.
             The game lasted 00:04:48 (1750 turns).

CanOfBees the Ruffian (Ghoul Monk)                  Turns: 1750, Time: 00:04:49

HP:   -11/39 (40)   AC:  8    Str: 15    XL:     4   Next: 74%
MP:   3/3           EV:  7    Int:  5    God:
Gold: 48            SH:  0    Dex: 11    Spells: 3/3 levels left

rFire    . . .     SeeInvis .     - Unarmed
rCold    + . .     Gourm    .   (no shield)
rNeg     + + +     Faith    .   g - +0 chain mail
rPois    ∞         Spirit   .   (no helmet)
rElec    .         Reflect  .   (no cloak)
rCorr    .         Harm     .   (no gloves)
MR       .....                  (no boots)
Stlth    ..........             (no amulet)
HPRegen  0.00/turn              (no ring)
MPRegen  0.08/turn              (no ring)

@: rotting
A: rotting body, claws 1, carnivore, cold resistance 1, negative energy
resistance 3, inhibited regeneration, torment resistance, unbreathing
a: no special abilities


You were on level 4 of the Dungeon.
You were not hungry.

You visited 1 branch of the dungeon, and saw 4 of its levels.

You collected 48 gold pieces.

Inventory:

Missiles
 f - 67 stones (quivered)
Armour
 a - a +0 robe
 g - a +0 chain mail (worn)
Scrolls
 d - a scroll of fear {unknown}
 j - a scroll of noise {unknown}
 k - a scroll of enchant weapon {unknown}
 l - a scroll of identify {unknown}
 m - a scroll of blinking {unknown}
 n - a scroll of random uselessness {unknown}
Potions
 e - a potion of mutation {unknown}
 h - 2 potions of curing {unknown}
 i - a potion of brilliance {unknown}
Comestibles
 b - 5 rations


   Skills:
 + Level 4.2 Fighting
 + Level 1.3 Armour
 - Level 3.1 Dodging
 - Level 2.1 Stealth
 + Level 4.3 Unarmed Combat


You had 3 spell levels left.
You didn't know any spells.
Your spell library was empty.

Dungeon Overview and Level Annotations

Branches:
Dungeon (3/15)

Altars:
Kikubaaqudgha


Innate Abilities, Weirdness & Mutations

Your body is rotting away.
You thrive on raw meat.
You are immune to poison.
You have sharp fingernails.
You are carnivorous and can eat meat at any time.
Your flesh is cold resistant. (rC+)
You are immune to negative energy. (rN+++)
You do not regenerate when monsters are visible.
You are immune to unholy pain and torment.
You can survive without breathing.


Message History

The ogre is lightly wounded.
The hound skeleton bites you but does no damage.
The ogre closely misses you.
You closely miss the ogre.
The ogre is lightly wounded.
The hound skeleton bites you but does no damage.
You claw the ogre!
The ogre is moderately wounded.
The hound skeleton bites you but does no damage.
The ogre hits you with a giant club! The hound skeleton bites you.
You claw the ogre!
The ogre is heavily wounded.
The ogre hits you with a giant club!!
* * * LOW HITPOINT WARNING * * *
The hound skeleton bites you.
* * * LOW HITPOINT WARNING * * *
You scratch the ogre.
The ogre is severely wounded.
The hound skeleton closely misses you. The ogre hits you with a giant club!
You die...

## ##.##
#...## #@...#
#ZO..# #....#
#...........#
#........?...
#...........#
#.#####.#####
#. .# # ..


You could see an ogre and a hound skeleton.

Vanquished Creatures
  4 adders
  An ooze (D:1)
  A worm (D:3)
  3 dart slugs
  A leopard gecko (D:1)
  3 giant cockroaches
  5 goblins
  7 hobgoblins
  5 kobolds
  2 quokkas (D:2)
  A ball python (D:1)
  9 bats
  4 frilled lizards
  10 rats
56 creatures vanquished.

Vanquished Creatures (others)
  A kobold (D:1)
1 creature vanquished.

Grand Total: 57 creatures vanquished

Notes
Turn   | Place    | Note
-------+----------+-------------------------------------------
     0 | D:1      | CanOfBees the Ghoul Monk began the quest for the Orb.
     0 | D:1      | Reached XP level 1. HP: 19/19 MP: 0/0
    59 | D:1      | Reached XP level 2. HP: 21/26 MP: 1/1
   321 | D:1      | Reached XP level 3. HP: 29/33 MP: 2/2
   778 | D:2      | Found an ancient bone altar of Kikubaaqudgha.
   885 | D:3      | Reached XP level 4. HP: 35/40 MP: 3/3
   951 | D:3      | Reached skill level 1 in Armour
  1739 | D:3      | You fall through a shaft!
  1740 | D:4      | Noticed an ogre
  1750 | D:4      | Mangled by an ogre

Vault maps used:
D:1:      onia_arrival_mini_spirals
D:2:      nicolae_overflow_hidden_temple, first_ration
D:3:      lemuel_doored_altar, nemelex_diamond_rough_becter
D:4:      serial_shops, shop, uniq_duvessa, uniq_ijyb, uniq_crazy_yiuf_cottage

Skill      XL: |  1  2  3  4 |
---------------+-------------+-----
Dodging        | 3 |  3.1
Fighting       | 4 |  4.2
Unarmed Combat | 4 |  4.3
Armour         | 1 |  1.3
Stealth        | |  2.1

Action                   |  1- 3 |  4- 6 || total
-------------------------+-------+-------++-------
Melee: Unarmed           |   129 |    60 ||   189
 Stab: Sleeping          |     2 |       ||     2
  Eat: Chunk             |    15 |     9 ||    24
Armor: Robe              |    19 |       ||    19
       Chain mail        |    39 |    29 ||    68
Dodge: Dodged            |    85 |    29 ||   114

Table legend:
 A = Non-vault XP
 B = Vault XP
 C = Vault XP percentage of total XP
 D = Non-vault monster count
 E = Vault monster count
 F = Vault count percentage of total count
 G = Total turns spent on level
                 A         B        C        D         E       F
            +---------+---------+-------+---------+---------+-------
      Total |     144 |       0 |   0.0 |      56 |       0 |   0.0
            +---------+---------+-------+---------+---------+-------
        D:1 |      52 |       0 |   0.0 |      29 |       0 |   0.0
        D:2 |      43 |       0 |   0.0 |      20 |       0 |   0.0
        D:3 |      49 |       0 |   0.0 |       7 |       0 |   0.0
            +---------+---------+-------+---------+---------+-------
